[Event "2nd Namma Bengaluru Open-B 2025"]
[Site "Bengaluru"]
[Date "2025.04.13"]
[Round "10.1"]
[White "Rohith P"]
[Black "Aditya Dileepraj"]
[Result "1/2-1/2"]
[Annotator "NA"]
[ECO "B40"]
[WhiteElo "1808"]
[BlackElo "1746"]
[PlyCount "57"]
[EventDate "2025.04.10"]
[EventType "swiss"]
[EventCountry "IND"]
[SourceTitle "playchess.com"]
[Source "ChessBase"]
[SourceQuality "1"]
[TimeControl "3600+30"]

1. e4 c5 2. Nf3 e6 3. g3 a6 4. a4 d6 5. Bg2 Nf6 6. Nc3 Qc7 7. O-O Nbd7 8. d4 cxd4 9. Nxd4 Be7 10. f4 h5 11. h3 Nb6 12. Qd3 Nc4 13. b3 Na5 14. Ba3 Bd7 15. Rad1 Rc8 16. Nde2 Qb6+ 17. Rf2 Nc6 18. Bxd6 Nb4 19. Qd2 Bxd6 20. Qxd6 Qxd6 21. Rxd6 Ke7 22. e5 Nfd5 23. Nxd5+ Nxd5 24. Bxd5 exd5 25. Nd4 Bxh3 26. Nf3 Rhd8 27. Rxd8 Rxd8 28. Rd2 Bf5 29. Nd4 1/2-1/2

[Event "2nd Namma Bengaluru Open-B 2025"]
[Site "Bengaluru"]
[Date "2025.04.13"]
[Round "10.2"]
[White "Nijesh R"]
[Black "Afreed T Khan"]
[Result "1/2-1/2"]
[Annotator "NA"]
[ECO "C75"]
[WhiteElo "1813"]
[BlackElo "1921"]
[PlyCount "46"]
[EventDate "2025.04.10"]
[EventType "swiss"]
[EventCountry "IND"]
[SourceTitle "playchess.com"]
[Source "ChessBase"]
[SourceQuality "1"]
[TimeControl "3600+30"]

1. e4 e5 2. Nf3 Nc6 3. Bb5 a6 4. Ba4 d6 5. c3 Bd7 6. d4 Nf6 7. Nbd2 g6 8. O-O Bg7 9. Re1 O-O 10. dxe5 Nxe5 11. Nxe5 dxe5 12. Nf3 b5 13. Bb3 Qe7 14. h3 Bc6 15. Qc2 h6 16. a4 Nd7 17. axb5 axb5 18. Rxa8 Bxa8 19. Be3 Kh8 20. c4 Nc5 21. Bxc5 Qxc5 22. cxb5 Qxb5 23. Re3 Qb6 1/2-1/2

[Event "2nd Namma Bengaluru Open-B 2025"]
[Site "Bengaluru"]
[Date "2025.04.13"]
[Round "10.3"]
[White "Nayak, Biswajit"]
[Black "Ebin Benny"]
[Result "1/2-1/2"]
[Annotator "NA"]
[ECO "D02"]
[WhiteElo "1979"]
[BlackElo "1821"]
[PlyCount "86"]
[EventDate "2025.04.10"]
[EventType "swiss"]
[EventCountry "IND"]
[SourceTitle "playchess.com"]
[Source "ChessBase"]
[SourceQuality "1"]
[TimeControl "3600+30"]

1. d4 d5 2. Nf3 Nf6 3. Bf4 e6 4. e3 Bd6 5. Bg3 O-O 6. Nbd2 b6 7. Bd3 Ba6 8. O-O c5 9. Ne5 Qc7 10. Bxa6 Nxa6 11. Qe2 Nb4 12. c3 Nc6 13. Nxc6 Bxg3 14. hxg3 Qxc6 15. g4 Rab8 16. g5 Ne8 17. Nf3 f6 18. g3 Nd6 19. Kg2 Ne4 20. gxf6 gxf6 21. Nd2 Nxd2 22. Qxd2 c4 23. Rh1 Rf7 24. Rh6 b5 25. Rah1 Rbb7 26. Qe2 f5 27. Qh5 Kf8 28. Qg5 Qd7 29. Qf4 Rb6 30. Qe5 Ke8 31. Qh8+ Rf8 32. Qxh7 Qxh7 33. Rxh7 Rf7 34. Kf3 a5 35. Kf4 b4 36. Ke5 Rxh7 37. Rxh7 Kd8 38. f3 a4 39. a3 bxa3 40. bxa3 Rb3 41. g4 fxg4 42. fxg4 Rxc3 43. g5 Rxe3+ 1/2-1/2

[Event "2nd Namma Bengaluru Open-B 2025"]
[Site "Bengaluru"]
[Date "2025.04.13"]
[Round "10.4"]
[White "Sarvani Cheedella"]
[Black "Nihaan Pohane"]
[Result "1/2-1/2"]
[Annotator "NA"]
[ECO "D88"]
[WhiteElo "1857"]
[BlackElo "1882"]
[PlyCount "74"]
[EventDate "2025.04.10"]
[EventType "swiss"]
[EventCountry "IND"]
[SourceTitle "playchess.com"]
[Source "ChessBase"]
[SourceQuality "1"]
[TimeControl "3600+30"]

1. d4 Nf6 2. c4 g6 3. Nc3 d5 4. cxd5 Nxd5 5. e4 Nxc3 6. bxc3 Bg7 7. Be3 c5 8. Bc4 Nc6 9. Ne2 O-O 10. O-O Bg4 11. f3 Na5 12. Bxf7+ Rxf7 13. fxg4 Rxf1+ 14. Kxf1 cxd4 15. cxd4 e5 16. d5 Nc4 17. Bf2 Qf6 18. Kg1 Rf8 19. Bc5 Rc8 20. Bf2 Rf8 21. Bc5 Rf7 22. Qc2 b5 23. Ng3 Bh6 24. Qe2 Rc7 25. Bf2 Qd6 26. h4 Rf7 27. g5 Bf8 28. a4 Qb4 29. Be1 Bc5+ 30. Kh1 Qb3 31. axb5 Rf4 32. Nf1 Qb2 33. Qxc4 Qxa1 34. Qxc5 Rxf1+ 35. Kh2 Qd4 36. Qc8+ Kg7 37. Bg3 Qxe4 1/2-1/2

[Event "2nd Namma Bengaluru Open-B 2025"]
[Site "Bengaluru"]
[Date "2025.04.13"]
[Round "10.5"]
[White "Arush A"]
[Black "Borse Vaibhav"]
[Result "1/2-1/2"]
[Annotator "NA"]
[ECO "B13"]
[WhiteElo "1876"]
[BlackElo "1778"]
[PlyCount "72"]
[EventDate "2025.04.10"]
[EventType "swiss"]
[EventCountry "IND"]
[SourceTitle "playchess.com"]
[Source "ChessBase"]
[SourceQuality "1"]
[TimeControl "3600+30"]

1. e4 c6 2. d4 d5 3. exd5 cxd5 4. Bd3 Nc6 5. c3 Nf6 6. Nf3 Bg4 7. O-O e6 8. Bf4 Bd6 9. Bxd6 Qxd6 10. Nbd2 O-O 11. Re1 Qc7 12. Qc2 Bxf3 13. Nxf3 g6 14. Qd2 Rfe8 15. Bb5 Nd7 16. Kh1 a6 17. Bxc6 bxc6 18. Re3 c5 19. Rae1 cxd4 20. cxd4 Rec8 21. R3e2 Qc4 22. a3 Rab8 23. h3 Rb3 24. Qf4 Qc7 25. Qh6 Nf8 26. Ne5 Qa7 27. Rd2 Qb7 28. Qf4 Qe7 29. Nd3 Nd7 30. Nb4 a5 31. Nxd5 Qd8 32. Ne3 Nf6 33. Ng4 Nxg4 34. Qxg4 Rcb8 35. Ree2 Qd5 36. Qf4 Rxh3+ 1/2-1/2

[Event "2nd Namma Bengaluru Open-B 2025"]
[Site "Bengaluru"]
[Date "2025.04.13"]
[Round "10.6"]
[White "Kishore V"]
[Black "Subramanian, R M"]
[Result "0-1"]
[Annotator "NA"]
[ECO "B07"]
[WhiteElo "1826"]
[BlackElo "1863"]
[PlyCount "44"]
[EventDate "2025.04.10"]
[EventType "swiss"]
[EventCountry "IND"]
[SourceTitle "playchess.com"]
[Source "ChessBase"]
[SourceQuality "1"]
[TimeControl "3600+30"]

1. e4 d6 2. d4 Nf6 3. Nc3 c6 4. f4 Qa5 5. Bd3 e5 6. Nf3 exd4 7. Nxd4 g6 8. h3 Bg7 9. Be3 O-O 10. Qd2 Nbd7 11. O-O Re8 12. a3 Qc7 13. Rae1 a6 14. Nf3 b5 15. g4 Bb7 16. Qf2 c5 17. e5 Nd5 18. Nxd5 Bxd5 19. Rd1 Bxf3 20. exd6 Qd8 21. Qxf3 Rxe3 22. Qf2 Re8 0-1

[Event "2nd Namma Bengaluru Open-B 2025"]
[Site "Bengaluru"]
[Date "2025.04.13"]
[Round "10.7"]
[White "Karthikeyan, J.."]
[Black "Anushka Gupta"]
[Result "1/2-1/2"]
[Annotator "NA"]
[ECO "B52"]
[WhiteElo "1916"]
[BlackElo "1739"]
[PlyCount "106"]
[EventDate "2025.04.10"]
[EventType "swiss"]
[EventCountry "IND"]
[SourceTitle "playchess.com"]
[Source "ChessBase"]
[SourceQuality "1"]
[TimeControl "3600+30"]

1. e4 c5 2. Nf3 d6 3. Bb5+ Bd7 4. Bxd7+ Qxd7 5. O-O Nc6 6. c3 Nf6 7. Re1 e6 8. d4 cxd4 9. cxd4 d5 10. e5 Ne4 11. a3 Be7 12. Be3 O-O 13. Nbd2 f5 14. exf6 Bxf6 15. Nxe4 dxe4 16. Nd2 Qd5 17. Rb1 Rad8 18. Qc2 Nxd4 19. Bxd4 Bxd4 20. Nxe4 Rc8 21. Qe2 e5 22. Kh1 Qb3 23. f3 Rc6 24. h3 Rfc8 25. Nc3 a6 26. Qe4 Qf7 27. Ne2 Ba7 28. Red1 Rc4 29. Qd3 h6 30. Rbc1 Rxc1 31. Rxc1 Rxc1+ 32. Nxc1 Bd4 33. Qc2 Qf4 34. Ne2 Qe3 35. a4 b5 36. b3 h5 37. axb5 axb5 38. Qc8+ Kh7 39. Qf5+ Kg8 40. Qe6+ Kh7 41. Nxd4 Qc1+ 42. Kh2 Qf4+ 43. Kg1 Qxd4+ 44. Kh1 Qe3 45. Qf5+ Kh6 46. Qc2 b4 47. Qc6+ g6 48. Qc8 Qf4 49. Qh8+ Kg5 50. Qd8+ Kh6 51. h4 Kg7 52. Qe7+ Kh6 53. Qd8 Kg7 1/2-1/2

[Event "2nd Namma Bengaluru Open-B 2025"]
[Site "Bengaluru"]
[Date "2025.04.13"]
[Round "10.8"]
[White "Snehaal Roy"]
[Black "Anurag, Jaiswal"]
[Result "0-1"]
[Annotator "NA"]
[ECO "B01"]
[WhiteElo "1826"]
[BlackElo "1923"]
[PlyCount "76"]
[EventDate "2025.04.10"]
[EventType "swiss"]
[EventCountry "IND"]
[SourceTitle "playchess.com"]
[Source "ChessBase"]
[SourceQuality "1"]
[TimeControl "3600+30"]

1. e4 d5 2. exd5 Qxd5 3. Nc3 Qa5 4. Nf3 Nf6 5. Bc4 c6 6. d4 Bf5 7. Bd2 e6 8. Qe2 Bb4 9. Bb3 Nbd7 10. O-O O-O 11. a3 Bxc3 12. Bxc3 Qc7 13. Bb4 Rfe8 14. c4 a5 15. Bc3 a4 16. Bc2 Bxc2 17. Qxc2 b5 18. Ne5 Nb6 19. Bb4 Nxc4 20. Nxc4 bxc4 21. Qxc4 Rec8 22. b3 axb3 23. Qxb3 Rab8 24. Qc2 Rd8 25. Rfd1 Rd5 26. Rac1 Rc8 27. Qa4 Ng4 28. g3 Rh5 29. Bd2 Nxh2 30. Bf4 Qd7 31. Rc5 e5 32. dxe5 Qg4 33. Rdc1 Nf3+ 34. Kf1 Rd8 35. Qxc6 Qh3+ 36. Ke2 Nd4+ 37. Ke3 Nxc6 38. Rxc6 g5 0-1

[Event "2nd Namma Bengaluru Open-B 2025"]
[Site "Bengaluru"]
[Date "2025.04.13"]
[Round "10.9"]
[White "Malla, Nooka Raju"]
[Black "Pradiksha P S"]
[Result "1-0"]
[Annotator "NA"]
[ECO "C54"]
[WhiteElo "1860"]
[BlackElo "1799"]
[PlyCount "91"]
[EventDate "2025.04.10"]
[EventType "swiss"]
[EventCountry "IND"]
[SourceTitle "playchess.com"]
[Source "ChessBase"]
[SourceQuality "1"]
[TimeControl "3600+30"]

1. e4 e5 2. Nf3 Nc6 3. Bc4 Bc5 4. c3 Nf6 5. d3 a6 6. O-O d6 7. Nbd2 h6 8. Re1 O-O 9. Nf1 Ne7 10. Ng3 Ng6 11. d4 Ba7 12. h3 exd4 13. Nxd4 d5 14. exd5 Nxd5 15. Qf3 Nb4 16. Qe4 Bxd4 17. Qxg6 b5 18. Bb3 c5 19. cxb4 c4 20. Qe4 cxb3 21. Qxa8 Qc7 22. Qe4 Bf6 23. Nh5 Qd6 24. Bf4 Qb6 25. Be3 Qe6 26. Qxe6 fxe6 27. Nxf6+ Rxf6 28. axb3 Bb7 29. Rad1 Rg6 30. g3 Bd5 31. Rxd5 exd5 32. Bc5 Rc6 33. Re5 a5 34. Rxd5 axb4 35. Bxb4 Rc2 36. Bc3 b4 37. Be5 Re2 38. Kf1 Re4 39. f3 Re3 40. Kf2 Rxb3 41. Rd7 g5 42. Ke2 h5 43. Rg7+ Kf8 44. Rxg5 Kf7 45. Bd4 Ke6 46. Rxh5 1-0

[Event "2nd Namma Bengaluru Open-B 2025"]
[Site "Bengaluru"]
[Date "2025.04.13"]
[Round "10.10"]
[White "Karyasheel P"]
[Black "Swastik Suvam Patnaik"]
[Result "1/2-1/2"]
[Annotator "NA"]
[ECO "C58"]
[WhiteElo "1808"]
[BlackElo "1860"]
[PlyCount "24"]
[EventDate "2025.04.10"]
[EventType "swiss"]
[EventCountry "IND"]
[SourceTitle "playchess.com"]
[Source "ChessBase"]
[SourceQuality "1"]
[TimeControl "3600+30"]

1. e4 e5 2. Nf3 Nc6 3. Bc4 Nf6 4. Ng5 d5 5. exd5 Na5 6. Bb5+ c6 7. dxc6 bxc6 8. Bd3 Nd5 9. Nf3 Bd6 10. O-O Nf4 11. Nc3 O-O 12. Be2 Bg4 1/2-1/2